 Dungeon Crawl Stone Soup version 0.31-a0-963-ga325b2283a (webtiles) character file.

Game seed: 11312180256825540101

262 sammy202020 the Trooper (level 6, -1/40 HPs)
             Began as a Gargoyle Berserker on Oct 25, 2023.
             Was a Believer of Trog.
             Splashed by a jelly's acid (5 damage)
             ... on level 4 of the Dungeon.
             The game lasted 00:03:41 (3121 turns).

sammy202020 the Trooper (Gargoyle Berserker)        Turns: 3121, Time: 00:03:42

Health: -1/40      AC:  1    Str: 21    XL:     6   Next: 18%
Magic:  6/6        EV: 11    Int:  9    God:    Trog [**....]
Gold:   164        SH:  0    Dex:  9    Spells: 5/5 levels left

rFire   . . .        a - +0 mace (venom)
rCold   . . .        (no shield)
rNeg    + . .        d - +1 ring mail
rPois   ∞            (no helmet)
rElec   +            k - +0 cloak
rCorr   .            (no gloves)
SInv    .            l - +0 pair of boots
Will    .....        (no amulet) Stlth
                     (no ring)
HPRegen 0.26/turn    (no ring)
MPRegen 0.10/turn

%: no passive effects
@: corroded
A: sickness immunity, AC +4, negative energy resistance 1, electricity
resistance, torment resistance 1, petrification resistance
a: Renounce Religion, Berserk, Trog's Hand


You were on level 4 of the Dungeon.
You worshipped Trog.
Trog was pleased with you.
You visited 1 branch of the dungeon, and saw 4 of its levels.

You collected 164 gold pieces.

Inventory:

Hand Weapons
 a - a +0 mace of venom (weapon)
Armour
 d - a +1 ring mail (worn)
 k - a +0 cloak (worn)
 l - a +0 pair of boots (worn)
Scrolls
 c - a scroll of blinking {unknown}
 j - a scroll of amnesia {unknown}
Potions
 b - 3 potions of curing {unknown}
 e - a potion of haste {unknown}
 f - a potion of heal wounds {unknown}
 g - a potion of magic {unknown}
 i - a potion of resistance {unknown}


   Skills:
 * Level 4.8 Fighting
 * Level 4.4 Maces & Flails
 * Level 4.0 Armour
 + Level 2.3 Dodging


You had 5 spell levels left.
You didn't know any spells.
Your spell library was empty.

Dungeon Overview and Level Annotations

Branches:
Dungeon (4/15)
 Temple: D:4-7

Altars:
Dithmenos
Wu Jian


Innate Abilities, Weirdness & Mutations

You are immune to sickness and miasma.
Your stone body is resilient. (AC +4)
You are immune to poison.
You resist negative energy. (rN+)
You are resistant to electric shocks. (rElec)
You are resistant to unholy torment.
You are immune to petrification.


Message History

No target in view!
No target in view!
No target in view!
No target in view!
No target in view!
No target in view!
No target in view!
No target in view!
No target in view!
No target in view!
No target in view!
No target in view!
Found a sling.
A jelly comes into view.
You hit the jelly. The acid corrodes you!
Your hands burn!
The jelly is lightly wounded.
The jelly barely misses you.
You hit the jelly.
Your hands burn!
The jelly is moderately wounded.
The jelly hits you but does no damage.
You hit the jelly but do no damage.
Your hands burn!
The jelly is moderately wounded.
The jelly hits you but does no damage.
You sock the jelly!
Your hands burn!
The jelly is almost dead.
The jelly hits you. The acid corrodes you!
You are splashed with acid!
The jelly hits you. The acid corrodes you!
You are splashed with acid!
* * * LOW HITPOINT WARNING * * *
You are too injured to fight recklessly!
You are too injured to fight recklessly!
You are too injured to fight recklessly!
You are too injured to fight recklessly!
You are too injured to fight recklessly!
You are too injured to fight recklessly!
You are too injured to fight recklessly!
You are too injured to fight recklessly!
You are too injured to fight recklessly!
A jelly is nearby!
You hit the jelly but do no damage.
The jelly is poisoned.
Your hands burn!
You die...

#..# #......... #..##
#.#.##+##. #
##...####...#
#..##.....##..#.+
#...............#
#....#........#.#
###.. ###....#......
......#......#..#.#.#
#..J@..#)....#.##..
###..####..... . ...
#.## ...#..... .. #"
.####..### #. .. ##


You could see a jelly (very poisoned).

Vanquished Creatures
  An ogre (D:3)
  Crazy Yiuf (D:3)
  Jessica (D:3)
  An iguana (D:4)
  2 adders
  A worm (D:2)
  A dart slug (D:1)
  9 orcs
  4 bats
  7 endoplasms
  3 giant cockroaches
  5 goblins
  4 hobgoblins
  4 jackals (D:1)
  5 quokkas
  4 ball pythons
  2 frilled lizards (D:1)
  2 kobolds
  6 rats
63 creatures vanquished.

Vanquished Creatures (others)
  An orc (D:3)
1 creature vanquished.

Grand Total: 64 creatures vanquished

Notes
Turn   | Place    | Note
-------+----------+-------------------------------------------
     0 | D:1      | sammy202020 the Gargoyle Berserker began the quest for the
                  | Orb.
     0 | D:1      | Reached XP level 1. HP: 14/14 MP: 1/1
    81 | D:1      | Reached XP level 2. HP: 12/19 MP: 2/2
   732 | D:1      | Reached XP level 3. HP: 23/23 MP: 3/3
   830 | D:1      | Reached ** piety under Trog
  1406 | D:2      | Found a faded altar of an unknown god.
  1604 | D:2      | Reached XP level 4. HP: 27/29 MP: 4/4
  1918 | D:3      | Noticed Jessica
  1920 | D:3      | Found a shadowy altar of Dithmenos.
  1925 | D:3      | Killed Jessica
  2271 | D:3      | Noticed an ogre
  2277 | D:3      | Killed an ogre
  2278 | D:3      | Reached XP level 5. HP: 34/34 MP: 5/5
  2481 | D:3      | Found a runed translucent door.
  2482 | D:3      | Noticed Crazy Yiuf
  2490 | D:3      | Killed Crazy Yiuf
  2844 | D:4      | Identified the "Epnoblufeu"
  2844 | D:4      | Found an ornate altar of the Wu Jian Council.
  2864 | D:4      | Identified the +3 leather armour of the Evil One {rElec rN+
                  | Str+3 Slay-3}
  2875 | D:4      | Reached XP level 6. HP: 31/40 MP: 6/6
  3121 | D:4      | Splashed by a jelly's acid

Illustrated notes

Levels and vault maps discovered:
D:1:      dpeg_arrival_radiant, layout_loops_ring
D:2:      layout_loops_corners, shapermc_ecumenical_altar_totnotflames
D:3:      layout_basic, nicolae_dithmenos_the_darkroom, uniq_jessica,
          uniq_crazy_yiuf_cottage
D:4:      layout_layer_cave, lemuel_round_altar, minmay_misc_feat_doors,
          minmay_fountain_box

Skill      XL: |  1  2  3  4  5 |
---------------+----------------+-----
Armour         | 3 4 |  4.0
Fighting       | 4 |  4.8
Dodging        | 2 |  2.3
Maces & Flails | 4 |  4.4

Action                     |  1- 3 |  4- 6 || total
---------------------------+-------+-------++-------
  Melee: Mace              |   134 |    87 ||   221
 Invoke: Berserk           |       |     2 ||     2
    Use: Scroll            |     2 |     3 ||     5
   Stab: Sleeping          |     1 |       ||     1
 Armour: Animal skin       |    44 |       ||    44
         Ring mail         |    68 |    64 ||   132
  Dodge: Dodged            |    84 |    59 ||   143

Table legend: (Time is in decaauts)
 A = Elapsed time spent in this place.
 B = Non-inter-level travel time spent in this place.
 C = Inter-level travel time spent in this place.
 D = Time resting spent in this place.
 E = Time spent auto-exploring this place.
 F = Levels seen in this place.
 G = Mean time per level.
                   A        B        C        D        E       F      G
               +--------+--------+--------+--------+--------+-----+--------+
         Total |   3184 |   3112 |     72 |     50 |   2474 |   4 |  796.0 |
       Dungeon |   3184 |   3112 |     72 |     50 |   2474 |   4 |  796.0 |
               +--------+--------+--------+--------+--------+-----+--------+

Top non-repeatable levels by time:
     D:3: 1077 daAuts
     D:2: 921 daAuts
     D:1: 897 daAuts
     D:4: 288 daAuts
